 Dungeon Crawl Stone Soup version 0.28-a0-247-gb8bfbab023 (webtiles) character file.

Game seed: 12025702892286550758

4 Spaninq the Skirmisher (level 1, -2/19 HPs)
             Began as a Draconian Monk on Aug 25, 2021.
             Frozen to death by an endoplasm (3 damage)
             ... on level 1 of the Dungeon.
             The game lasted 00:00:14 (79 turns).

Spaninq the Skirmisher (Draconian Monk)               Turns: 79, Time: 00:00:16

Health: -2/19      AC:  4    Str: 13    XL:     1   Next: 50%
Magic:  1/1        EV: 12    Int: 10    God:
Gold:   0          SH:  0    Dex: 13    Spells: 0/0 levels left

rFire   . . .      SeeInvis .   a - +0 mace
rCold   . . .      Faith    .   (no shield)
rNeg    . . .      Spirit   .   (armour unavailable)
rPois   .          Reflect  .   (helmet restricted)
rElec   .          Harm     .   (no cloak)
rCorr   .          Rampage  .   (no gloves)
Will    .....                   (no boots)
Stlth   ++........              (no amulet)
HPRegen 0.06/turn               (no ring)
MPRegen 0.07/turn               (no ring)

@: slowed, very slow
A: AC +4, unfitting armour, cold-blooded
a: no special abilities


You were on level 1 of the Dungeon.
You visited 1 branch of the dungeon, and saw 1 of its levels.

Inventory:

Hand Weapons
 a - a +0 mace (weapon)


   Skills:
 + Level 3.3 Fighting
 * Level 3.1 Maces & Flails
 + Level 2.7 Dodging
 - Level 1.7 Stealth


You couldn't memorise any spells.
You didn't know any spells.
Your spell library was empty.

Dungeon Overview and Level Annotations

Branches:
Dungeon (1/15)

Altars:


Innate Abilities, Weirdness & Mutations

Your plain brown scales are hard. (AC +4)
You cannot fit into any form of body armour.
You are cold-blooded and may be slowed by cold attacks.


Message History

You open the door.
There is an open door here.
You open the door.
There is an open door here.
You open the door.
An endoplasm, a hobgoblin and a dart slug come into view.
There is an open door here.
The helpless hobgoblin fails to defend itself.
You hit the hobgoblin.
You kill the hobgoblin!
A ball python comes into view.
The endoplasm quivers.
You hit the dart slug.
The dart slug is moderately wounded.
The endoplasm freezes you.
You are frozen.
You feel yourself slow down. The dart slug closely misses you.
You sock the dart slug!
The dart slug is almost dead.
The endoplasm closely misses you.
The endoplasm hits you but does no damage.
The dart slug launches a dart at you. The slug dart misses you.
The endoplasm freezes you.
You are frozen.
There is an open door here.
You hit the dart slug.
You kill the dart slug!
You feel yourself speed up. The endoplasm freezes you.
You are frozen.
* * * LOW HITPOINT WARNING * * *
You feel yourself slow down.
You barely miss the endoplasm. The endoplasm freezes you.
You are frozen.
* * * LOW HITPOINT WARNING * * *
You feel as though you will be slow longer.
The endoplasm freezes you.
You are frozen.
You die...

+... #...#####
#........ #.......#
###### P≈♣.....##
#....# P♣≈......
#.##.#
≈≈......#######.##.#
#.......J@......##.#
#.......##########.#
#####.### #######.#
..S #.......# ###
#.####### #.# #.#
#### #.# ###..# #.#


You could see an endoplasm.

Vanquished Creatures
  A dart slug (D:1)
  A hobgoblin (D:1)
2 creatures vanquished.

Notes
Turn   | Place    | Note
-------+----------+-------------------------------------------
     0 | D:1      | Spaninq the Draconian Monk began the quest for the Orb.
     0 | D:1      | Reached XP level 1. HP: 19/19 MP: 1/1
    79 | D:1      | Frozen to death by an endoplasm

Illustrated notes

Levels and vault maps discovered:
D:1:      onia_arrival_pentagram, layout_basic, serial_bayou_pond_e,
          minmay_misc_feat_four_crosses

Action                   || total
-------------------------++-------
Melee: Mace              ||     5
 Stab: Sleeping          ||     1
Armor: Skin              ||     1
Dodge: Dodged            ||     3

Table legend: (Time is in decaauts)
 A = Elapsed time spent in this place.
 B = Non-inter-level travel time spent in this place.
 C = Inter-level travel time spent in this place.
 D = Time resting spent in this place.
 E = Time spent auto-exploring this place.
 F = Levels seen in this place.
 G = Mean time per level.
                   A        B        C        D        E       F      G
               +--------+--------+--------+--------+--------+-----+--------+
         Total |     82 |     82 |      0 |      0 |     70 |   1 |   82.0 |
       Dungeon |     82 |     82 |      0 |      0 |     70 |   1 |   82.0 |
               +--------+--------+--------+--------+--------+-----+--------+

Top non-repeatable levels by time:
     D:1: 82 daAuts
